 Dungeon Crawl Stone Soup version 0.21-a0-471-gd587bd5 (webtiles) character file.

43 Laiders the Cudgeler (level 3, -5/31 HPs)
             Began as a Minotaur Berserker on Nov 22, 2017.
             Was a Believer of Trog.
             Engulfed by a cloud of flame (17 damage)
             ... on level 2 of the Dungeon.
             The game lasted 00:02:55 (1671 turns).

Laiders the Cudgeler (Minotaur Berserker)           Turns: 1671, Time: 00:02:56

Health: -5/31      AC:  5    Str: 22    XL:     3   Next: 37%
Magic:  2/2        EV: 11    Int:  4    God:    Trog [**....]
Gold:   107        SH:  3    Dex:  9    Spells: 2/2 levels left

rFire    . . .     SeeInvis .   m - +0 mace (protect)
rCold    . . .     Gourm    .   (no shield)
rNeg     . . .     Faith    .   g - +0 ring mail
rPois    .         Spirit   .   (helmet restricted)
rElec    .         Reflect  +   (no cloak)
rCorr    .         Harm     .   (no gloves)
MR       .....                  (no boots)
Stlth    ..........             e - +3 amulet of reflection
HPRegen  0.10/turn              (no ring)
MPRegen  0.08/turn              (no ring)

@: no status effects
A: retaliatory headbutt, horns 2
a: Berserk, Trog's Hand, Burn Spellbooks, Renounce Religion


You were on level 2 of the Dungeon.
You worshipped Trog.
Trog was pleased with you.
You were not hungry.

You visited 1 branch of the dungeon, and saw 2 of its levels.

You collected 107 gold pieces.

Inventory:

Hand Weapons
 m - a +0 mace of protection (weapon)
Armour
 g - a +0 ring mail (worn)
Jewellery
 e - a +3 amulet of reflection (around neck)
 o - a +2 ring of evasion {unknown}
Wands
 h - a wand of acid (12)
Scrolls
 k - a scroll of enchant weapon {unknown}
 l - a scroll of identify
Potions
 b - a potion of curing {unknown}
 d - 2 potions of might {unknown}
 j - a potion of haste {unknown}
Comestibles
 a - 2 fruits
 c - a bread ration
 f - 2 meat rations
 i - a chunk of flesh
 n - 2 royal jellies


   Skills:
 - Level 3.6 Fighting
 + Level 5.4 Maces & Flails
 - Level 2.4 Armour
 - Level 2.1 Dodging


You had 2 spell levels left.
You didn't know any spells.

Dungeon Overview and Level Annotations

Branches:
Dungeon (2/15)

Altars:
Kikubaaqudgha
Nemelex Xobeh


Innate Abilities, Weirdness & Mutations

You reflexively headbutt those who attack you in melee.
You have a pair of horns on your head.


Message History

There is an open gate here.
There is a stone staircase leading down here.
You see here a club.
You see here a club.
You see here a dagger.
You see here a club.
Partly explored, can't reach some items and places.
Really walk into a travel-excluded area? [Y]es or [N]o only, please.
Really walk into a travel-excluded area? [Y]es or [N]o only, please.
Really walk into a travel-excluded area?
Okay, then.
Really walk into a travel-excluded area?
You are engulfed in blazing flames.
Ouch! That really hurt!
You see here 30 sling bullets.
You are engulfed in blazing flames.
Ouch! That really hurt!
You die...

##########
##......).#
#...#####.# #
#§§§# #.# #
#@§§# #.# #
#§§§# #.# #
#=..#####.#### #
.$$$.§§§.....# #
§.....§§......#
#
§§.$...§§§.....#
#
##...#####....#
# #§§§# #....# #
#§§§# #....#####


There were no monsters in sight!

Vanquished Creatures
  A worm (D:2)
  2 leopard geckos (D:2)
  5 bats
  A giant cockroach (D:1)
  6 goblins
  7 hobgoblins
  A quokka (D:2)
  4 ball pythons
  3 frilled lizards
  A kobold (D:1)
  3 rats
34 creatures vanquished.

Notes
Turn   | Place    | Note
-------+----------+-------------------------------------------
     0 | D:1      | Laiders the Minotaur Berserker began the quest for the Orb.
     0 | D:1      | Reached XP level 1. HP: 19/19 MP: 0/0
    95 | D:1      | Reached skill level 4 in Maces & Flails
   168 | D:1      | Reached XP level 2. HP: 22/26 MP: 1/1
   898 | D:1      | Reached ** piety under Trog
  1038 | D:2      | Reached skill level 5 in Maces & Flails
  1049 | D:2      | Reached XP level 3. HP: 29/31 MP: 2/2
  1346 | D:2      | Found an ancient bone altar of Kikubaaqudgha.
  1387 | D:2      | Found a sparkling altar of Nemelex Xobeh.
  1671 | D:2      | Engulfed by a cloud of flame

Vault maps used:
D:1:      wheals_arrival_shading
D:2:      marbit_many_paths, nemelex_altar_shiori, lemuel_flame_loot_1

Skill      XL: |  1  2 |
---------------+-------+-----
Maces & Flails | 4 5 |  5.4
Fighting       | |  3.6
Armour         | |  2.4
Dodging        | |  2.1

Action                   || total
-------------------------++-------
Melee: Mace              ||    61
       Headbutt          ||    11
  Use: Scroll            ||     4
  Eat: Chunk             ||     2
Armor: Animal skin       ||     1
       Ring mail         ||    25
Dodge: Dodged            ||    51
Block: Other             ||     1

Table legend:
 A = Spawn XP
 B = Non-spawn XP
 C = Spawn XP percentage of total XP
 D = Spawn monster count
 E = Non-spawn monster count
 F = Spawn count percentage of total count
 G = Total turns spent on level
                    A         B        C        D         E        F      G
               +---------+---------+-------+---------+---------+-------+---------
         Total |       0 |      62 |   0.0 |       0 |      34 |   0.0 |  1671
               +---------+---------+-------+---------+---------+-------+---------
           D:1 |       0 |      30 |   0.0 |       0 |      18 |   0.0 |  1022
           D:2 |       0 |      32 |   0.0 |       0 |      16 |   0.0 |   649
               +---------+---------+-------+---------+---------+-------+---------
